 Dungeon Sprint DCSS version 0.30.1-11-g7821555f0a (webtiles) character file.

Game seed: 12590862735452228993

0 Groucho the Ducker (level 1, -6/10 HPs)
             Began as a Felid Monk on Jan 8, 2024.
             Was a Believer of Qazlal.
             Splashed by a jelly's acid (10 damage)
             ... in the Dungeon (Sprint V: "Ziggurat Sprint").
             The game lasted 00:01:17 (45 turns).

Groucho the Ducker (Felid Monk)                       Turns: 45, Time: 00:01:18

Health: -6/10      AC:  1    Str: 13    XL:     1   Next: 0%
Magic:  2/2        EV: 20    Int: 11    God:    Qazlal [**....]
Gold:   0          SH:  2    Dex: 24    Spells: 0/0 levels left
                                        Lives:  0   Deaths: 0

rFire   . .          .
                       - Unarmed
rCold   . . .        (shield unavailable)
rNeg    . . .        (body armour unavailable)
rPois   .            (helmet unavailable)
rElec   .            (cloak unavailable)
rCorr   .            (gloves unavailable)
SInv    +            (boots unavailable)
Will    .....        (no amulet)
Stlth   ++           t - +6 ring of dexterity
HPRegen 0.21/turn    x - +6 ring of strength
MPRegen 0.08/turn

%: no teleportation
@: quick
A: very small, claws 1, fangs 3, see invisible, speed 1, shaggy fur 1, stealthy
paws, no weapons or thrown items, no armour, multi-lived
a: Renounce Religion, Upheaval


You were in the Dungeon.
You worshipped Qazlal.
Qazlal was pleased with you.
You visited 1 branch

Inventory:

Jewellery
 s - a ring of flight
 t - a +6 ring of dexterity (left paw)
 u - a +6 ring of dexterity
 v - a +6 ring of intelligence
 w - a +6 ring of intelligence
 x - a +6 ring of strength (right paw)
 y - a +6 ring of strength
Wands
 q - a wand of mindburst (6)
 r - a wand of light (9)
Scrolls
 g - 4 scrolls of blinking
 m - 4 scrolls of amnesia
 n - 7 scrolls of fog
 o - 5 scrolls of identify
 p - 2 scrolls of fear
Potions
 a - a potion of ambrosia
 b - 10 potions of curing
 c - 10 potions of heal wounds
 d - 6 potions of haste
 e - 7 potions of magic
 f - 3 potions of berserk rage
 h - 2 potions of brilliance
 i - 2 potions of invisibility
 j - 4 potions of resistance
 k - a potion of experience
 l - 5 potions of might


   Skills:
 + Level 3.0 Fighting
 + Level 4.0 Dodging
 + Level 3.0 Unarmed Combat
 * Level 0.0 Invocations
 + Level 0.0 Evocations


You couldn't memorise any spells.
You didn't know any spells.
Your spell library was empty.

Dungeon Overview and Level Annotations

Branches:
Dungeon (1/1)

Altars:
Ashenzari
Cheibriados
Dithmenos
Elyvilon
Fedhas
Gozag
Hepliaklqana
Kikubaaqudgha
Makhleb
Nemelex Xobeh
Okawaru
Qazlal
Ru
Sif Muna
Trog
Uskayaw
Vehumet
Wu Jian
Xom
Yredelemnul
Zin
The Shining One
Jiyva
Lugonu

Annotations:
D 1 transporter


Innate Abilities, Weirdness & Mutations

You have sharp claws.
You have razor-sharp teeth.
You have supernaturally acute eyesight. (SInv)
You cover ground quickly. (Speed+)
You are covered in fur. (AC +1)
Your paws help you pounce on unaware monsters.
You are incapable of wielding weapons or throwing items.
You cannot wear armour.
You gain extra lives every three experience levels.


Message History

You scratch the jelly but do no damage.
Your paws burn!
Ouch! That really hurt!
You bite the jelly.
The jelly is moderately wounded.
The floating eye's view fixates on you. The jelly barely misses you.
You are too injured to fight recklessly!
You are too injured to fight recklessly!
You are too injured to fight recklessly!
Unknown command.
Unknown command.
Unknown command.
Unknown command.
Aiming: Bolt of Light
Press: ? - help, Shift-Dir - straight line, f - floating eye
Aim: a floating eye (fully charged, 100% to hit)
The bolt of light hits the floating eye!
The floating eye is heavily wounded.
The floating eye is blinded.
The jelly hits you but does no damage.
Unknown command.
Unknown command.
Unknown command.
Aiming: Mindburst
Press: ? - help, Shift-Dir - straight line, f - jelly, p - floating eye
Aim: a jelly (moderately wounded, not susceptible)
The jelly is unaffected.
The jelly barely misses you.
Unknown command.
Unknown command.
Unknown command.
Aiming: Bolt of Light
Press: ? - help, Shift-Dir - straight line, f - floating eye, p - jelly
Aim: a floating eye (heavily wounded, fully charged, blind, 100% to hit)
The bolt of light hits the jelly!
The jelly is almost dead.
The bolt of light hits the floating eye!
You kill the floating eye!
Qazlal accepts your kill. The jelly hits you.
You are splashed with acid!
Ouch! That really hurt!
You die...

▓▓▓▓▓▓▓
▓.8©8.▓
▓.....▓
▓.).[.▓
▓.J...▓
▓.○@..▓
▓..☼..▓
▓▓▓▓▓▓▓


You could see a jelly.

Vanquished Creatures
  A floating eye (D)
1 creature vanquished.

Notes
Turn   | Place    | Note
-------+----------+-------------------------------------------
     0 | D        | Groucho the Felid Monk began the quest for the Orb.
     0 | D        | Reached XP level 1. HP: 10/10 MP: 2/2
     0 | D        | Found a shimmering blue altar of Sif Muna.
     0 | D        | Found a bloodstained altar of Trog.
     0 | D        | Found a sacrificial altar of Ru.
     0 | D        | Found a stormy altar of Qazlal.
     0 | D        | Found an iron altar of Okawaru.
     1 | D        | Found a sparkling altar of Nemelex Xobeh.
     1 | D        | Found a blossoming altar of Fedhas.
     1 | D        | Found the +6 Majin-Bo {spellvamp, MP+6 Int+6}
     1 | D        | Found the +27 heavy crossbow "Sniper" {heavy, Acc+∞ SInv}
     1 | D        | Found the +10 dark maul {heavy}
     1 | D        | Found the +15 Maxwell's patent armour {-Cast -Tele rElec
                  | Will+ rCorr}
     1 | D        | Found the +18 shield of the Gong {Loud rN+ Will+ rCorr
                  | EV-5}
     1 | D        | Found the +16 obsidian axe {drain, demonic, Mesm Drain Fly
                  | SInv}
     1 | D        | Found the +7 great mace "Firestarter" {flame, immolate,
                  | rFlCloud rF++}
     1 | D        | Found the +6 shillelagh "Devastator" {shatter}
     1 | D        | Found the +11 plutonium sword {Contam Stlth-}
     1 | D        | Found the +8 lance "Wyrmbane" {slay drac, rPois rF+ rC+
                  | AC+3}
     1 | D        | Found the +9 sword of Zonguldrok {reap}
     1 | D        | Found the +13 scythe of Curses {drain, curses, Drain}
     1 | D        | Found the +9 sword of Power {lifebolt}
     1 | D        | Found the +7 mace of Variability {chaos, chaos arc}
     1 | D        | Found the +11 Singing Sword {sonic wave}
     1 | D        | Found the +8 storm bow {elec, penet}
     3 | D        | Found a transporter.
     3 | D        | Found an ancient bone altar of Kikubaaqudgha.
     3 | D        | Found a viscous altar of Jiyva.
     3 | D        | Found a corrupted altar of Lugonu.
     3 | D        | Found a hazy altar of Hepliaklqana.
     3 | D        | Found a burning altar of Makhleb.
     3 | D        | Found an opulent altar of Gozag.
    21 | D        | Became a worshipper of Qazlal Stormbringer
    21 | D        | Reached * piety under Qazlal
    21 | D        | Reached ** piety under Qazlal
    40 | D        | Entered arena 2.
    40 | D        | Noticed a jelly
    40 | D        | Noticed a floating eye
    40 | D        | Found a transporter.
    45 | D        | Killed a floating eye
    45 | D        | Splashed by a jelly's acid

Illustrated notes

Levels and vault maps discovered:
D:        sprint_v [room_start, room_1, room_2, room_3, room_4, room_5, room_6,
          room_7, room_8, room_9, room_10, room_11, room_12, room_13, room_14,
          room_15, room_16, room_17, room_18, room_19, room_20, room_21,
          room_22, room_23, room_24, room_25, room_26, room_27]

Action                     || total
---------------------------++-------
  Melee: Unarmed           ||     1
         Bite              ||     1
  Evoke: Wand              ||     3
 Armour: Skin              ||     1
  Dodge: Dodged            ||     3
